 Dungeon Crawl Stone Soup version 0.31-a0-214-gb37851dbb3 (webtiles) character file.

Game seed: 3599607494974176462

438 qw the Shooter (level 7, -1/43 HPs)
             Began as a Gargoyle Hexslinger on July 1, 2023.
             Slain by Pikel
             ... wielding a +1 whip of flaming
              (2 damage)
             ... on level 4 of the Dungeon.
             The game lasted 00:01:39 (3669 turns).

qw the Shooter (Gargoyle Hexslinger)                Turns: 3669, Time: 00:01:40

Health: -1/43      AC: 14    Str: 12    XL:     7   Next: 1%
Magic:  8/8        EV: 10    Int: 13    God:
Gold:   205        SH:  0    Dex: 14    Spells: 7/8 levels left

rFire   . . .        Y - +2 sling
rCold   . . .        (no shield)
rNeg    + . .        n - +0 ring mail
rPois   inf          (no helmet)
rElec   +            (no cloak)
rCorr   .            (no gloves)
SInv    .            (no boots)
Will    .....        (no amulet)
Stlth   +            d - +4 ring of protection
HPRegen 0.27/turn    (no ring)
MPRegen 0.11/turn

%: no passive effects
@: no status effects
A: sickness immunity, AC +4, negative energy resistance 1, electricity
resistance, torment resistance 1, petrification resistance
a: no special abilities


You were on level 4 of the Dungeon.
You visited 2 branches of the dungeon, and saw 6 of its levels.
You also visited: Sewer.

You collected 205 gold pieces.


Innate Abilities, Weirdness & Mutations

You are immune to sickness and miasma.
Your stone body is resilient. (AC +4)
You are immune to poison.
You resist negative energy. (rN+)
You are resistant to electric shocks. (rElec)
You are resistant to unholy torment.
You are immune to petrification.


   Skills:
 - Level 4.1 Fighting
 + Level 6.0 Ranged Weapons
 - Level 1.2 Armour
 - Level 1.5 Dodging
 - Level 1.0 Spellcasting
 - Level 2.6 Hexes


You had 7 spell levels left.
You knew the following spells:

 Your Spells              Type           Power      Damage    Failure   Level
a - Slow                  Hex            28%        N/A       22%         1

Your spell library contained the following spells:

 Spells                   Type           Power      Damage    Failure   Level
 Inner Flame              Hex/Fire       4%         N/A       73%         3
 Portal Projectile        Hex/Tloc       8%         N/A       73%         3
 Cause Fear               Hex            3%         N/A       91%         4

Inventory:

Hand Weapons
 Y - a +2 sling (weapon)
Armour
 n - a +0 ring mail (worn)
Jewellery
 d - a +4 ring of protection (left hand)
Wands
 m - a wand of digging (5)
Scrolls
 a - a scroll of identify
 k - a scroll of enchant armour
Potions
 b - a potion of berserk rage {unknown}
 c - a potion of resistance {unknown}
 f - 3 potions of curing
 g - a potion of might {unknown}
 j - 3 potions of enlightenment

Dungeon Overview and Level Annotations

Branches:
Dungeon (5/15)             Temple (1/1) D:4           Sewer (visited)

Altars:
Ashenzari
Cheibriados
Dithmenos
Fedhas
Hepliaklqana
Kikubaaqudgha
Makhleb
Nemelex Xobeh
Qazlal
Ru
Sif Muna
Uskayaw
Vehumet
Wu Jian
Yredelemnul
Zin

Annotations:
D:2 1 runed translucent door, Crazy Yiuf
D:4 Pikel


Message History

What level of the Dungeon? (default 1, ? - help)
You climb downwards.
Level annotation: Pikel The lemure hits you but does no damage.
The lemure barely misses you.
Pikel hits you with a +1 whip of flaming.
Pikel burns you.
There is a stone staircase leading up here.
3661 ||| STAIRDANCE Pikel misses you.
The lemure hits you.
You climb upwards.
There is a stone staircase leading down here.
You shoot a sling bullet. The sling bullet barely misses Pikel.
Pikel says, "Hell isn't that bad."
Pikel hits you but does no damage. The lemure closely misses you.
You shoot a sling bullet. The sling bullet closely misses Pikel.
Pikel hits you with a +1 whip of flaming.
Pikel burns you. The lemure hits you but does no damage.
You shoot a sling bullet. The sling bullet hits Pikel.
Pikel is lightly wounded.
Pikel hits you but does no damage. The lemure closely misses you.
Pikel hits you but does no damage. The lemure hits you but does no damage.
You shoot a sling bullet. The sling bullet hits Pikel.
Pikel is lightly wounded.
Pikel hits you with a +1 whip of flaming!
Pikel burns you. The lemure hits you but does no damage.
You shoot a sling bullet.
The sling bullet hits Pikel but does no damage.
Pikel is lightly wounded.
Pikel hits you with a +1 whip of flaming.
Pikel burns you. The lemure hits you but does no damage.
You shoot a sling bullet.
The sling bullet hits Pikel but does no damage.
Pikel is lightly wounded.
Pikel hits you with a +1 whip of flaming.
Pikel burns you. The lemure barely misses you.
You shoot a sling bullet. The sling bullet misses Pikel.
Pikel barely misses you. The lemure hits you but does no damage.
Pikel hits you with a +1 whip of flaming.
Pikel burns you.
You die...

#.................###.........#
#................## #........##
..................# ##.......#
..................# #.......#
#.................## ##......#
#P.................# #.....##
...................# ##...##
#P##...........[5..# ###..##
#####..........K@### ##..# .##
####.....##### ####%#
..############ ######....##
.............#######..........#
.............................##
.............................#
.......................#######
..........)....###....##
............#####....##


You could see Pikel and a lemure.

Vanquished Creatures
  3 lemures (D:4)
  A kobold brigand (Sewer)
  2 scorpions (D:4)
  An orc priest (D:4)
  A hound (D:2)
  An iguana (D:4)
  7 adders
  An ufetubus (D:4)
  2 worms (D:2)
  2 dart slugs (D:4)
  9 orcs
  6 endoplasms
  8 giant cockroaches
  6 goblins
  A hobgoblin (D:2)
  8 jackals
  6 quokkas
  2 ball pythons
  4 bats
  2 frilled lizards
  9 kobolds
  6 rats
88 creatures vanquished.

Notes
Turn   | Place    | Note
-------+----------+-------------------------------------------
     0 | D:1      | qw the Gargoyle Hexslinger began the quest for the Orb.
     0 | D:1      | Reached XP level 1. HP: 12/12 MP: 2/2
     0 | D:1      | 0 ||| qw: Version: 0.3-a-32-g5962c71
     0 | D:1      | 0 ||| qw: Game counter: 7350
     0 | D:1      | 0 ||| qw: Melee chars always use a shield: true
     0 | D:1      | 0 ||| qw: God list: Okawaru
     0 | D:1      | 0 ||| qw: Allow faded altars: false
     0 | D:1      | 0 ||| qw: Do Orc after clearing Dungeon:15 true
     0 | D:1      | 0 ||| qw: Do second Lair branch before Depths: true
     0 | D:1      | 0 ||| qw: Lair rune preference: random
     0 | D:1      | 0 ||| qw: Goals: Normal
     0 | D:1      | 0 ||| PLANNING D:1-11
   242 | D:1      | Found a faded altar of an unknown god.
   360 | D:1      | Reached XP level 2. HP: 16/16 MP: 3/3
   474 | D:1      | Reached skill level 3 in Ranged Weapons
   625 | D:1      | 625 ||| UPGRADING to +0 leather armour.
   635 | D:1      | 635 ||| DROPPING +0 robe.
   636 | D:1      | 636 ||| UPGRADING to +4 ring of protection.
   637 | D:1      | 637 ||| READING scroll labelled NEMMOOMMUA.
   638 | D:1      | 638 ||| DRINKING 2 puce potions.
   639 | D:1      | 639 ||| DROPPING scroll of poison.
   659 | D:2      | Reached XP level 3. HP: 22/22 MP: 4/4
   756 | D:2      | Found a runed translucent door.
   757 | D:2      | Noticed Crazy Yiuf
   928 | D:2      | Reached XP level 4. HP: 15/27 MP: 5/5
  1483 | D:2      | 1483 ||| READING scroll labelled VIETRE FUMMULY.
  1484 | D:2      | 1484 ||| READING scroll labelled ONLISANGULL.
  1548 | D:2      | 1548 ||| READING scroll labelled GON EFULIST.
  1549 | D:2      | 1549 ||| DRINKING 3 amethyst potions.
  1589 | D:3      | 1589 ||| PLANNING SEWER
  1601 | D:3      | Reached skill level 4 in Ranged Weapons
  1762 | D:3      | Reached XP level 5. HP: 31/31 MP: 6/6
  1841 | D:3      | Found a hazy altar of Hepliaklqana.
  2107 | D:3      | Found a glowing drain.
  2122 | D:3      | 2122 ||| READING scroll labelled VEYVIO AWABYST.
  2123 | D:3      | 2123 ||| READING scroll labelled NIDWAADU WOYC.
  2147 | D:3      | 2147 ||| Stepping ~*~*~tactically~*~*~ (water).
  2161 | Sewer    | Entered a sewer
  2219 | Sewer    | Noticed a kobold brigand
  2241 | Sewer    | HP: 4/31 [kobold brigand/+0 short sword (4)]
  2242 | Sewer    | 2242 ||| READING scroll of teleportation.
  2243 | Sewer    | 2243 ||| DRINKING 2 potions of heal wounds.
  2251 | Sewer    | Killed a kobold brigand
  2252 | Sewer    | Reached skill level 5 in Ranged Weapons
  2271 | Sewer    | Found a glowing silver altar of Zin.
  2315 | D:3      | 2315 ||| PLANNING D:1-11
  2483 | D:3      | 2483 ||| READING scroll labelled ANIRYPL HAZA.
  2530 | D:4      | Reached skill level 3 in Fighting
  2530 | D:4      | Reached XP level 6. HP: 37/37 MP: 7/7
  2542 | D:4      | Found a staircase to the Ecumenical Temple.
  2543 | D:4      | 2543 ||| PLANNING TEMPLE
  2551 | Temple   | Entered the Ecumenical Temple
  2563 | Temple   | 2563 ||| PLANNING D:1-11
  2712 | D:4      | Reached skill level 6 in Ranged Weapons
  3244 | D:4      | 3244 ||| UPGRADING to +0 ring mail.
  3254 | D:4      | 3254 ||| DROPPING +0 leather armour.
  3255 | D:4      | 3255 ||| READING 3 scrolls labelled KERGHIRPHAFOS.
  3356 | D:4      | 3356 ||| READING scroll labelled IMEZIZ SYMOU.
  3357 | D:4      | 3357 ||| DROPPING 2 scrolls of silence.
  3397 | D:5      | Entered Level 5 of the Dungeon
  3401 | D:5      | Noticed Pikel
  3403 | D:5      | 3403 ||| STAIRDANCE
  3413 | D:4      | HP: 3/38 [orc priest/divine providence (15)]
  3414 | D:4      | 3414 ||| DRINKING 3 potions of heal wounds.
  3424 | D:4      | Reached skill level 1 in Armour
  3424 | D:4      | Reached XP level 7. HP: 15/43 MP: 8/8
  3433 | D:4      | HP: 8/43 [lemure[Pikel] (6)]
  3434 | D:4      | 3434 ||| DRINKING 2 potions of heal wounds.
  3501 | D:5      | 3501 ||| STAIRDANCE
  3515 | D:4      | HP: 10/43 [orc/+0 flail (5)]
  3516 | D:4      | 3516 ||| DRINKING potion of heal wounds.
  3643 | D:5      | 3643 ||| STAIRDANCE
  3661 | D:5      | 3661 ||| STAIRDANCE
  3668 | D:4      | HP: 7/43 [Pikel/+1 whip of flaming (5)]
  3669 | D:4      | HP: 1/43 [Pikel/+1 whip of flaming (4)]
  3669 | D:4      | Slain by Pikel

Levels and vault maps discovered:
D:1:      minmay_arrival_diagonal_passages, layout_loops_ring,
          hellmonk_ecumenical_altar_lost_god
D:2:      layout_basic, uniq_crazy_yiuf_cottage
D:3:      layout_loops_ring, lemuel_crystal_altar, gup_sewer_entry_pipe
D:4:      layout_cave_pods, minmay_temple_entry_gardened_gates,
          ebering_dispersal_statue_hall
D:5:      layout_basic, uniq_pikel, uniq_duvessa, uniq_grinder
Temple:   minmay_freezing_vapour_temple

Skill      XL: |  1  2  3  4  5  6 |
---------------+-------------------+-----
Ranged Weapons | 3 4 5 6 |  6.0
Fighting       | 2 3 4 |  4.1
Armour         | 1 |  1.2
Dodging        | |  1.5
Spellcasting   | |  1.0
Hexes          | |  2.6

Action                     |  1- 3 |  4- 6 |  7- 9 || total
---------------------------+-------+-------+-------++-------
   Fire: Sling             |    79 |   285 |    69 ||   433
    Use: Scroll            |     1 |     9 |       ||    10
         Potion            |     1 |     3 |     2 ||     6
 Armour: Robe              |     7 |       |       ||     7
         Leather armour    |    34 |    83 |       ||   117
         Ring mail         |       |    26 |    51 ||    77
  Dodge: Dodged            |    66 |   134 |    75 ||   275

Table legend:
 A = Non-vault XP
 B = Vault XP
 C = Vault XP percentage of total XP
 D = Non-vault monster count
 E = Vault monster count
 F = Vault count percentage of total count
                 A         B        C        D         E       F
            +---------+---------+-------+---------+---------+-------
      Total |     500 |     126 |  20.1 |      65 |      20 |  23.5
            +---------+---------+-------+---------+---------+-------
        D:1 |      20 |       0 |   0.0 |      12 |       0 |   0.0
        D:2 |     103 |       0 |   0.0 |      20 |       0 |   0.0
        D:3 |      57 |      16 |  21.9 |      12 |       8 |  40.0
        D:4 |     320 |       0 |   0.0 |      21 |       0 |   0.0
      Sewer |       0 |     110 | 100.0 |       0 |      12 | 100.0
            +---------+---------+-------+---------+---------+-------
